 Dungeon Crawl Stone Soup version 0.18.1-47-g9310371 (console) character file.

88 Kloppie the Poker (level 4, -3/41 HPs)
             Began as a Minotaur Berserker on June 14, 2016.
             Was a Believer of Trog.
             Slain by Kloppie's ghost (8 damage)
             ... on level 4 of the Dungeon.
             The game lasted 00:02:32 (2073 turns).

Kloppie the Poker (Minotaur Berserker)              Turns: 2073, Time: 00:02:33

Health: -3/41      AC: 11    Str: 22    XL:     4   Next: 29%
Magic:  3/3        EV:  2    Int:  4    God:    Trog [**....]
Gold:   182        SH:  0    Dex: 10    Spells: 0 memorised, 3 levels left

rFire  . . .     SeeInvis .     a - +0 spear
rCold  . . .     Gourm    .     i - +0 plate armour
rNeg   . . .     Faith    .     (no shield)
rPois  .         Spirit   .     (helmet restricted)
rElec  .         Dismiss  .     (no cloak)
rCorr  .         Reflect  .     (no gloves)
SustAt .         Harm     .     (no boots)
MR     .....                    (no amulet)
Stlth  ..........               (no ring)
                                (no ring)

@: exhausted, slowed, very slow, not resistant to hostile enchantments,
extremely unstealthy
A: retaliatory headbutt, horns 2
a: Berserk, Trog's Hand, Burn Spellbooks, Renounce Religion


You were on level 4 of the Dungeon.
You worshipped Trog.
Trog was pleased with you.
You were hungry.

You visited 1 branch of the dungeon, and saw 4 of its levels.

You collected 182 gold pieces.

Inventory:

Hand Weapons
 a - a +0 spear (weapon)
Armour
 i - a +0 plate armour (worn)
Wands
 r - a wand of acid (4/15)
Scrolls
 b - a scroll of recharging {unknown}
 g - 5 scrolls of teleportation {unknown}
 h - a scroll of enchant weapon {unknown}
 j - a scroll of fog {unknown}
 k - a scroll of random uselessness {unknown}
 m - 2 scrolls of enchant armour {unknown}
 n - 3 scrolls of identify {unknown}
 t - a scroll of blinking {unknown}
Potions
 d - 4 potions of heal wounds {unknown}
 e - 3 potions of lignification {unknown}
 f - 3 potions of brilliance {unknown}
 l - a potion of agility {unknown}
 o - a potion of might {unknown}
 p - 2 potions of curing {unknown}
 q - a potion of haste {unknown}
 s - a potion of flight {unknown}
Comestibles
 c - 3 bread rations


   Skills:
 + Level 4.3 Fighting
 * Level 5.0 Polearms
 + Level 3.6 Armour
 - Level 2.1 Dodging


You had 3 spell levels left.
You didn't know any spells.

Dungeon Overview and Level Annotations

Branches:
Dungeon (4/15)
 Temple: D:4-7

Altars:
Ashenzari
Elyvilon
Gozag
Kikubaaqudgha
Makhleb
Zin

Annotations:
D:4 Kloppie's ghost, novice MfBe


Innate Abilities, Weirdness & Mutations

You reflexively headbutt those who attack you in melee.
You have a pair of horns on your head.


Message History

* * * LOW HITPOINT WARNING * * *
Your plate armour prevents you from hitting Kloppie's ghost.
Kloppie's ghost is almost destroyed.
Kloppie's ghost hits you but does no damage.
You closely miss Kloppie's ghost. Your headbutt misses Kloppie's ghost.
Kloppie's ghost is almost destroyed.
Kloppie's ghost hits you!
* * * LOW HITPOINT WARNING * * *
Kloppie's ghost hits you.
* * * LOW HITPOINT WARNING * * *
You closely miss Kloppie's ghost. Your headbutt misses Kloppie's ghost.
Kloppie's ghost is almost destroyed.
Kloppie's ghost hits you.
* * * LOW HITPOINT WARNING * * *
Kloppie's ghost barely misses you. You furiously retaliate!
You headbutt Kloppie's ghost.
Kloppie's ghost hits you but does no damage.
There is a stone staircase leading up here.
Kloppie's ghost hits you!
You die...

...?.######
..........
)...... #...#
##...#+###
#........#
#........#
..##........#
.........W@..#
...#.........#
+# #.........#
#.........#
#.........#
#.........#
#.........#
+....######


You could see Kloppie's ghost.

Vanquished Creatures
  A worker ant (D:4)
  2 adders
  2 worms (D:2)
  9 goblins
  6 hobgoblins
  5 kobolds
  6 bats
  5 giant newts
  6 rats (D:1)
42 creatures vanquished.

Notes
Turn   | Place    | Note
--------------------------------------------------------------
     0 | D:1      | Kloppie the Minotaur Berserker began the quest for the Orb.
     0 | D:1      | Reached XP level 1. HP: 19/19 MP: 0/0
   229 | D:1      | Reached skill level 4 in Polearms
   229 | D:1      | Reached XP level 2. HP: 27/27 MP: 1/1
   844 | D:2      | Found a white marble altar of Elyvilon.
   957 | D:2      | Found an ancient bone altar of Kikubaaqudgha.
   990 | D:2      | Reached XP level 3. HP: 28/33 MP: 2/2
  1077 | D:2      | Reached ** piety under Trog
  1432 | D:3      | Found an opulent altar of Gozag.
  1552 | D:3      | Found a shattered altar of Ashenzari.
  1717 | D:3      | Found a burning altar of Makhleb.
  1721 | D:3      | Found a glowing silver altar of Zin.
  1721 | D:3      | Noticed an angel
  1722 | D:3      | Noticed a blizzard demon
  2024 | D:4      | Reached skill level 5 in Polearms
  2024 | D:4      | Reached XP level 4. HP: 41/41 MP: 3/3
  2035 | D:4      | Noticed Kloppie's ghost (novice MfBe)
  2073 | D:4      | Slain by Kloppie's ghost

Skill      XL: |  1  2  3 |
---------------+----------+-----
Polearms       | 4 5 |  5.0
Fighting       | 4 |  4.3
Armour         | 3 |  3.6
Dodging        | |  2.1

Action                   |  1- 3 |  4- 6 || total
-------------------------+-------+-------++-------
Melee: Spear             |   134 |    31 ||   165
       Headbutt          |    14 |     3 ||    17
Invok: Berserk           |       |     1 ||     1
  Eat: Chunk             |     3 |     1 ||     4
Armor: Plate armour      |    58 |     9 ||    67
Dodge: Dodged            |    19 |     7 ||    26
